 Dungeon Crawl Stone Soup version 0.31-a0-152-g6aa68a64a1 (webtiles) character file.

Game seed: 1006015819172730588

60 qw the Shooter (level 4, -2/28 HPs)
             Began as a Gargoyle Hunter on June 10, 2023.
             Slain by Sigmund
             ... wielding a +0 heavy scythe
              (25 damage)
             ... on level 2 of the Dungeon.
             The game lasted 00:00:34 (1105 turns).

qw the Shooter (Gargoyle Hunter)                    Turns: 1105, Time: 00:00:34

Health: -2/28      AC:  6    Str: 14    XL:     4   Next: 6%
Magic:  0/4        EV: 11    Int: 10    God:
Gold:   84         SH:  0    Dex: 15    Spells: 3/3 levels left

rFire   . . .        Y - +0 shortbow
rCold   . . .        (shield currently unavailable)
rNeg    + . .        c - +0 leather armour
rPois   inf          (no helmet)
rElec   +            (no cloak)
rCorr   .            (no gloves)
SInv    .            (no boots)
Will    .....        l - amulet of guardian spirit
Stlth   ++           (no ring)
HPRegen 0.24/turn    (no ring)
MPRegen 0.09/turn

%: guardian spirit
@: no status effects
A: sickness immunity, AC +3, negative energy resistance 1, electricity
resistance, torment resistance 1, petrification resistance
a: no special abilities


You were on level 2 of the Dungeon.
You visited 1 branch of the dungeon, and saw 2 of its levels.

You collected 84 gold pieces.


Innate Abilities, Weirdness & Mutations

You are immune to sickness and miasma.
Your stone body is resilient. (AC +3)
You are immune to poison.
You resist negative energy. (rN+)
You are resistant to electric shocks. (rElec)
You are resistant to unholy torment.
You are immune to petrification.


   Skills:
 - Level 3.0 Fighting
 + Level 5.1 Ranged Weapons
 - Level 1.5 Dodging
 - Level 1.1 Stealth


You had 3 spell levels left.
You didn't know any spells.
Your spell library was empty.

Inventory:

Hand Weapons
 Y - a +0 shortbow (weapon)
Armour
 c - a +0 leather armour (worn)
Jewellery
 b - an amulet of magic regeneration
 l - an amulet of guardian spirit (around neck)
Scrolls
 a - a scroll of identify
Potions
 d - a potion of lignification {unknown}
 f - a potion of brilliance {unknown}
 h - a potion of magic {unknown}
 j - a potion of attraction {unknown}

Dungeon Overview and Level Annotations

Branches:
Dungeon (2/15)

Altars:

Annotations:
D:2 Sigmund


Message History

Enter note:
Enter note:
Enter note:
Enter note:
Enter note:
Enter note:
Enter note:
Enter note: Sigmund the Dreaded comes into view.
He is wielding a +0 heavy scythe.
Enter note:
Enter note:
Enter note:
Enter note:
Enter note:
Enter note:
Enter note:
Enter note:
Enter note: You shoot an arrow.
The arrow hits Sigmund.
Sigmund shouts!
Sigmund is lightly wounded.
Sigmund mumbles some strange words.
Sigmund flickers and vanishes!
Deactivating autopickup; reactivate with Ctrl-A.
You shoot an arrow. You shoot an arrow.
Something tries to affect you, but you resist.
You shoot an arrow. You shoot an arrow. You shoot an arrow.
A quokka comes into view.
You shoot an arrow.
You hear some strange, mumbled words.
Something tries to affect you, but you resist.
You shoot an arrow. The arrow closely misses the quokka.
Something hits you.
You shoot an arrow. The arrow barely misses the quokka.
Something hits you!!
Ouch! That really hurt!
You die...

##........#
...........##.......#
#.........#........#+#.##.
...... ..#..###.##.. #....
...... #.#..# .# .. #.#.#
#+# #.. #.#..# . #.#.# #.#
#.. ..#..# #. #.#.# #.#
#.. #.#..##
#####.#####.#.####.# #..
#......
...................###..
.....#
.......@................
#.#..#
###....####.............
....... ......{
#.######...##. ####..#.
###...r #.# #....... # ..#
#.... #.# #....... ### .
...... #.# #....... ...
....... ... .<....... ###
....... ###.##### ...


You could see a quokka.

Vanquished Creatures
  An adder (D:2)
  A dart slug (D:1)
  A bat (D:1)
  8 endoplasms
  2 giant cockroaches (D:1)
  4 goblins
  5 hobgoblins
  9 jackals
  4 kobolds
  2 quokkas (D:1)
  2 frilled lizards
  2 rats (D:1)
41 creatures vanquished.

Notes
Turn   | Place    | Note
-------+----------+-------------------------------------------
     0 | D:1      | qw the Gargoyle Hunter began the quest for the Orb.
     0 | D:1      | Reached XP level 1. HP: 12/12 MP: 1/1
     0 | D:1      | 0 ||| qw: Version: 0.2-a-123-gb51047a
     0 | D:1      | 0 ||| qw: Game counter: 3732
     0 | D:1      | 0 ||| qw: Always use a shield: true
     0 | D:1      | 0 ||| qw: God list: Okawaru
     0 | D:1      | 0 ||| qw: Allow faded altars: false
     0 | D:1      | 0 ||| qw: Do Orc after D:15 true
     0 | D:1      | 0 ||| qw: Do second Lair branch before Depths: true
     0 | D:1      | 0 ||| qw: Lair rune preference: random
     0 | D:1      | 0 ||| qw: Plans: Normal, Zot:1-4, Slime:5, God:TSO, Crypt,
                  | Tomb, Abyss, Pan, Hells, Win
     0 | D:1      | 0 ||| PLANNING D:1-11
    56 | D:1      | HP: 3/12 [jackal (2)]
    65 | D:1      | HP: 3/12 [jackal (2)]
    69 | D:1      | Reached XP level 2. HP: 4/17 MP: 2/2
    70 | D:1      | HP: 3/17 [kobold/+0 dagger (1)]
    70 | D:1      | HP: 1/17 [kobold/+0 dagger (2)]
   441 | D:1      | Reached XP level 3. HP: 21/21 MP: 3/3
   458 | D:1      | Reached skill level 5 in Ranged Weapons
   562 | D:1      | HP: 5/22 [frozen (2)]
   801 | D:1      | 801 ||| UPGRADING to amulet of guardian spirit.
   806 | D:1      | 806 ||| READING scroll labelled COUSIEQIDIA.
   807 | D:1      | 807 ||| READING scroll labelled MIDDABOKIA.
   808 | D:1      | 808 ||| READING scroll labelled WEUF SAOKO.
   809 | D:1      | 809 ||| READING scroll labelled KYN QOOSIPNOMP.
   810 | D:1      | 810 ||| DROPPING scroll of butterflies.
   865 | D:2      | Reached skill level 3 in Fighting
   887 | D:2      | 887 ||| FLEEEEING.
   888 | D:2      | 888 ||| FLEEEEING.
   894 | D:2      | 894 ||| FLEEEEING.
   895 | D:2      | 895 ||| FLEEEEING.
   899 | D:2      | 899 ||| FLEEEEING.
   900 | D:2      | 900 ||| STAIRDANCE
   928 | D:1      | 928 ||| DRINKING 2 clear potions.
   929 | D:1      | 929 ||| DROPPING potion of enlightenment.
   958 | D:2      | Reached XP level 4. HP: 28/28 MP: 4/4
  1096 | D:2      | Noticed Sigmund
  1105 | D:2      | Slain by Sigmund

Levels and vault maps discovered:
D:1:      matt_arrival_los_fun, layout_loops_ring
D:2:      layout_basic, uniq_sigmund

Skill      XL: |  1  2  3 |
---------------+----------+-----
Ranged Weapons | 5 |  5.1
Fighting       | 3 |  3.0
Dodging        | |  1.5
Stealth        | |  1.1

Action                     |  1- 3 |  4- 6 || total
---------------------------+-------+-------++-------
   Fire: Shortbow          |   130 |    13 ||   143
    Use: Scroll            |     4 |       ||     4
         Potion            |     1 |       ||     1
 Armour: Leather armour    |    44 |       ||    44
  Dodge: Dodged            |    76 |       ||    76

Table legend:
 A = Non-vault XP
 B = Vault XP
 C = Vault XP percentage of total XP
 D = Non-vault monster count
 E = Vault monster count
 F = Vault count percentage of total count
                 A         B        C        D         E       F
            +---------+---------+-------+---------+---------+-------
      Total |      87 |       0 |   0.0 |      41 |       0 |   0.0
            +---------+---------+-------+---------+---------+-------
        D:1 |      54 |       0 |   0.0 |      29 |       0 |   0.0
        D:2 |      33 |       0 |   0.0 |      12 |       0 |   0.0
            +---------+---------+-------+---------+---------+-------
